 Dungeon Crawl Stone Soup version 0.28.0-45-g0d030f2227 (webtiles) character file.

Game seed: 18316830116963189743

76 Icepheonix32 the Chiller (level 4, -1/30 HPs)
             Began as a Demonspawn Ice Elementalist on Apr 18, 2022.
             Slain by Sigmund
             ... wielding a +0 scythe
              (3 damage)
             ... on level 2 of the Dungeon.
             The game lasted 00:05:00 (2195 turns).

Icepheonix32 the Chiller (DsIE)                     Turns: 2195, Time: 00:05:01

Health: -1/30      AC:  4    Str: 10    XL:     4   Next: 12%
Magic:  6/7        EV: 12    Int: 17    God:
Gold:   79         SH:  0    Dex: 13    Spells: 0/7 levels left

rFire   . . .      SeeInvis .   b - +0 dagger
rCold   . . .      Faith    .   (no shield)
rNeg    . . .      Spirit   .   a - +0 robe
rPois   .          Reflect  .   (no helmet)
rElec   .          Harm     .   (no cloak)
rCorr   .          Rampage  .   (no gloves)
Will    .....                   (no boots)
Stlth   +.........              (no amulet)
HPRegen 0.10/turn               (no ring)
MPRegen 0.10/turn               (no ring)

@: confused
A: yellow scales 1
a: no special abilities


You were on level 2 of the Dungeon.
You visited 1 branch of the dungeon, and saw 2 of its levels.

You collected 79 gold pieces.

Inventory:

Hand Weapons
 b - a +0 dagger (weapon)
Missiles
 h - 3 boomerangs
Armour
 a - a +0 robe (worn)
Jewellery
 g - a +6 ring of strength
Wands
 c - a wand of flame (14)
Scrolls
 d - 2 scrolls of fear {unknown}
 i - a scroll of identify {unknown}
Potions
 e - a potion of heal wounds
 f - a potion of brilliance {unknown}


   Skills:
 - Level 1.7 Dodging
 - Level 1.7 Stealth
 - Level 2.0 Spellcasting
 + Level 5.2 Ice Magic


You couldn't memorise any spells.
You knew the following spells:

 Your Spells              Type           Power      Damage    Failure   Level
a - Freeze                Ice            76%        1d9       2%          1
b - Ozocubu's Armour      Ice            19%        N/A       7%          3
c - Frozen Ramparts       Ice            38%        1d5       7%          3

Your spell library contained the following spells:

 Spells                   Type           Power      Damage    Failure   Level
 Hailstorm                Conj/Ice       10%        3d5       54%         4


Dungeon Overview and Level Annotations

Branches:
Dungeon (2/15)

Altars:

Shops:
D:1 ?!:[*

Annotations:
D:2 Sigmund


Innate Abilities, Weirdness & Mutations

You are partially covered in yellow scales. (AC +2)


Message History

It was a potion of heal wounds.
You feel much better.
Found a scroll labelled XADDOM TUAS.
Sigmund hits you with a +0 scythe!
Casting: Freeze (safe; 2% risk of failure)
Confirm with . or Enter, or press ? or * to list all spells.
Aiming: Freeze (safe; 2% risk of failure)
Press: ? - help, Shift-Dir - straight line, f - Sigmund
Aim: Sigmund, wielding a +0 scythe and wearing a +1 robe of willpower You freeze Sigmund.
Sigmund is lightly wounded.
Unknown command.
You feel much better. Sigmund closely misses you.
Casting: Freeze (safe; 2% risk of failure)
Confirm with . or Enter, or press ? or * to list all spells.
Aiming: Freeze (safe; 2% risk of failure)
Press: ? - help, Shift-Dir - straight line, f/p - Sigmund
Aim: Sigmund, wielding a +0 scythe and wearing a +1 robe of willpower (lightly wounded)
You freeze Sigmund.
Sigmund is lightly wounded.
Sigmund gestures at you while chanting.
You are confused.
Sigmund gestures at you while chanting.
You are more confused.
You bump into the rock wall.
Sigmund gestures wildly while chanting.
Sigmund flickers and vanishes!
Deactivating autopickup; reactivate with Ctrl-A.
A magic dart appears from out of thin air!
The magic dart hits you.
You're too confused to move!
Unknown command.
You bump into the rock wall.
You bump into the rock wall.
Something hits you! Something hits you but does no damage.
You see here a hobgoblin corpse.
You hear some strange, mumbled words.
You are more confused.
Something hits you!
* * * LOW HITPOINT WARNING * * *
You're too confused to move!
Something hits you.
You die...

............##.#.......
.#.....................
......###...###........
#...........###........
#.....>......##.#######
#..........#.##.#
#..........#.##.## #######
.÷............#..###...$..?
#..........#..†.@..#.......
#..........###.............
...........................
#..........####....########
#..........# ######
############


There were no monsters in sight!

Vanquished Creatures
  2 adders (D:2)
  A worm (D:2)
  A dart slug (D:1)
  5 ball pythons
  5 endoplasms
  9 goblins
  4 hobgoblins
  4 jackals
  3 quokkas (D:1)
  5 bats (D:1)
  2 frilled lizards (D:1)
  6 kobolds
  4 rats
51 creatures vanquished.

Vanquished Creatures (others)
  A plant (D:1)
1 creature vanquished.

Grand Total: 52 creatures vanquished

Notes
Turn   | Place    | Note
-------+----------+-------------------------------------------
     0 | D:1      | Icepheonix32 the Demonspawn Ice Elementalist began the
                  | quest for the Orb.
     0 | D:1      | Reached XP level 1. HP: 13/13 MP: 3/3
    25 | D:1      | Found Nipam's Distillery.
   121 | D:1      | Reached skill level 4 in Ice Magic
   137 | D:1      | Gained mutation: You are partially covered in yellow
                  | scales. (AC +2) [demonic ancestry]
   137 | D:1      | Reached XP level 2. HP: 3/19 MP: 0/5
   403 | D:1      | Found a faded altar of an unknown god.
   407 | D:1      | Found Carphu Kuipp's Antique Armour Boutique.
   723 | D:1      | Found Ashrupnat's Assorted Antiques.
   745 | D:1      | Reached XP level 3. HP: 20/24 MP: 0/6
   816 | D:1      | Found Quth's Book Shop.
  1046 | D:1      | Found Vugexkana's Magic Scroll Boutique.
  1997 | D:2      | Reached skill level 5 in Ice Magic
  2063 | D:2      | Reached XP level 4. HP: 28/30 MP: 3/7
  2067 | D:2      | Learned a level 3 spell: Ozocubu's Armour
  2071 | D:2      | Learned a level 3 spell: Frozen Ramparts
  2177 | D:2      | Noticed Sigmund
  2195 | D:2      | Slain by Sigmund

Illustrated notes

Levels and vault maps discovered:
D:1:      minmay_arrival_cross, layout_basic, serial_shops, shop, shop_statue,
          shop, nicolae_shop_overgrown_old_shop, nicolae_shop_window_shopping,
          ebering_ecumenical_altar_abandoned, dk_noncrumbling_3, st_stairs_8
D:2:      layout_rooms, minmay_crystal_water, uniq_sigmund

Skill      XL: |  1  2  3 |
---------------+----------+-----
Ice Magic      | 4 5 |  5.2
Dodging        | |  1.7
Stealth        | |  1.7
Spellcasting   | |  2.0

Action                   |  1- 3 |  4- 6 || total
-------------------------+-------+-------++-------
Melee: Unarmed           |     6 |       ||     6
       Dagger            |    59 |     5 ||    64
       Punch             |     3 |       ||     3
 Cast: Freeze            |    65 |     2 ||    67
  Use: Potion            |       |     2 ||     2
 Stab: Sleeping          |     1 |     1 ||     2
Armor: Robe              |    30 |     1 ||    31
Dodge: Dodged            |    93 |     3 ||    96
